Unix NetHack Version 5.0.0-0 post-release - last build Jun 10 2026 00:39:30 (3ee93aec679c4c4259841fe613dc97188e26a321,branch:main).

Game began 2026-07-04 17:28:56, ended 2026-07-04 22:56:56.

Eymerich, chaotic male elven Priest

         ------------
         |.....{....|                 ---------------
         |..........|                 |.............|
        #...........|                #.......b......|
        #---------|--                #-------|-------
        ###       ###                ####    #
          #         ##       ----- -----#    #
          ##         #       |..e| |.B.|#    ###            ---------
           #         #       |F..---...a@      ##          #-./)....|
           #         #       |:.....F..|        #          #|.(.....|
           #      ---.--     ---x.F:.---        ##         #|.......|
           #      |....|       |W....|         # ####     ##|......=|
   --------#  ####.....|     ---...d.---    --------.---  # ---------
   |.......#  #   |..>.|     |d.x......|    |..........| ##
   |......|####   |.....###  |.b:---...|    |..........|##
   |......|#      |....|  ###.O.{| |...|    |..........-#
   |......-#      ------     ----- -----    |..........|
   |......|                                 |......((.<|
   --------                                 ------------

Eymerich the Aspirant        St:12 Dx:11 Co:14 In:10 Wi:19 Ch:9  Chaotic
Dlvl:3  $:18 HP:0(20) Pw:32(32) AC:6  Xp:2 T:1731 

Latest messages:
 You drop a two-handed sword.
 Pakka Pakka offers 35 gold pieces for your two-handed sword.  Sell it? [ynaq] (n)
 You sold a two-handed sword for 35 gold pieces.
 You see here a bell (for sale, 67 zorkmids).
 Puffa picks up a whistle.
 There are many objects here.
 "For you, most gracious hir; only 100 zorkmids for this stethoscope."
 J - a stethoscope (unpaid, 100 zorkmids).
 You bought a stethoscope for 100 gold pieces.
 "Thank you for shopping in Pakka Pakka's general store!"
 What do you want to use or apply? [JN or ?*]
 In what direction?
 Status of Pakka Pakka (neutral, medium):  Level 11  HP 46(46)  AC 0, peaceful.
 The air around you begins to shimmer with a golden haze.
 You miss the large kobold.
 You hit the large kobold.
 The large kobold reads a scroll called teleportation!
 The large kobold vanishes!
 The golden haze around you becomes less dense.
 The golden haze around you disappears.
 You see here a statue of an acid blob.
 You hear the splashing of a naiad.
 You see here a statue of a gecko.
 The statue comes to life!
 The soldier ant bites!
 The soldier ant stings!
 What do you want to read? [kMN or ?*]
 As you read the scroll, it disappears.
 You materialize in a different location!
 You hear some noises in the distance.
 You see here a locked large box.
 You see here a locked chest.
 You hear some noises in the distance.
 You feel full of energy.
 You see here a statue of an acid blob.
 Puffa misses it.
 Puffa bites the soldier ant.
 The soldier ant bites Puffa.
 The soldier ant stings Puffa.
 Puffa is killed!
 The soldier ant just misses!
 The soldier ant stings!
 You miss the soldier ant.
 The soldier ant bites!
 The soldier ant stings!
 The soldier ant's sting was poisoned!
 You die...
 Do you want your possessions identified? [ynq] (y)
 Do you want to see your attributes? [ynq] (y)
 Do you want an account of creatures vanquished? [ynaq] (y)

Inventory:
 Coins    ('$')
  $ - 18 gold pieces
 Weapons  (')')
  g - 35 +0 darts
  a - a blessed +1 mace (weapon in left hand)
 Armor    ('[')
  m - a +0 orcish helm (being worn)
  c - a +0 small shield (being worn)
  b - a +0 robe (being worn)
 Comestibles  ('%')
  e - 2 cloves of garlic
  q - a food ration
  z - a food ration
  G - a food ration
  f - a sprig of wolfsbane
 Scrolls  ('?')
  k - a scroll of enchant weapon
 Spellbooks  ('+')
  N - a spellbook of identify
 Potions  ('!')
  j - 2 potions of restore ability
  l - a potion of sleeping
  d - 4 potions of holy water
 Tools    ('(')
  J - a stethoscope
 Gems/Stones  ('*')
  h - a cursed jade stone named soft
  i - a topaz stone named hard
  o - a worthless piece of yellowish brown glass named soft

Eymerich the Priest's attributes:

Background:
 You were an Aspirant, a level 2 elven Priest.
 You were chaotic, nominally on a mission for Loki
 who was opposed by Tyr (lawful) and Odin (neutral).
 You were left-handed.
 You were in the Dungeons of Doom, on level 3.
 You entered the dungeon 1731 turns ago.
 It was nighttime.
 You had 28 experience points, 12 more were needed to attain level 3.

Basics:
 You had 0 out of 20 hit points.
 You had all 32 energy points (spell power).
 Your armor class was 6.
 Your wallet contained 18 zorkmids.
 Autopickup was off.

Final Characteristics:
 Your strength was 12 (limit:18).
 Your dexterity was 11 (limit:18).
 Your constitution was 14 (limit:16).
 Your intelligence was 10 (limit:20).
 Your wisdom was 19 (limit:20).
 Your charisma was 9 (limit:18).

Final Status:
 You weren't hungry.
 You were unencumbered.
 You were wielding a mace.
 You had basic skill with mace.

Final Attributes:
 You were devoutly aligned.
 You had infravision.
 You were guarded.
 Your spell casting was enhanced by wearing a robe.
 You are dead.

Miscellaneous:
 You didn't encounter any bones levels.
 Total elapsed playing time was 50 minutes and 21 seconds.

Major events:
 Turn
    1: Eymerich the chaotic elven Priest entered the dungeon
 1002: found Frost Brand in a shop
 1731: killed by a soldier ant

Spells:
 Name                 Level Category     Fail Retention
 protection             1   clerical       0%  91%-100%
 extra healing          3   healing       78%  76%-100%

Skills:
 Fighting Skills
   bare handed combat [Unskilled]
 Weapon Skills
   club               [Unskilled]
   mace               [Basic]
   morning star       [Unskilled]
   flail              [Unskilled]
   hammer             [Unskilled]
   quarterstaff       [Unskilled]
   polearms           [Unskilled]
   spear              [Unskilled]
   trident            [Unskilled]
   lance              [Unskilled]
   bow                [Unskilled]
   sling              [Unskilled]
   crossbow           [Unskilled]
   dart               [Unskilled]
   shuriken           [Unskilled]
   boomerang          [Unskilled]
   unicorn horn       [Unskilled]
 Spellcasting Skills
   healing spells     [Unskilled]
   divination spells  [Unskilled]
   clerical spells    [Basic]

Voluntary challenges:
 Character rerolling was not enabled.
 You were an atheist.
 You never genocided any monsters.
 You never polymorphed an object.
 You never changed form.
 You used no wishes.
Achievement:
 You entered a shop.

 The Dungeons of Doom: levels 1 to 3
    Level 1: "vault"
    Level 2:
    Level 3: <- You were here.
       A general store, some fountains.
       Final resting place for
          you, killed by a soldier ant.


Vanquished creatures:
  a kitten
 an acid blob
  a large kobold
  4 giant rats
  a red mold
  a gecko
  8 jackals
  4 goblins
  4 grid bugs
  a lichen
  a kobold zombie
  5 newts
32 creatures vanquished.

No species were genocided or became extinct.

Game over:
                       ----------
                      /          \
                     /    REST    \
                    /      IN      \
                   /     PEACE      \
                  /                  \
                  |     Eymerich     |
                  |      18 Au       |
                  |   killed by a    |
                  |   soldier ant    |
                  |                  |
                  |                  |
                  |       2026       |
                 *|     *  *  *      | *
        _________)/\\_//(\/(/\)/\//\/|_)_______

Goodbye Eymerich the Priest...

You died in The Dungeons of Doom on dungeon level 3 with 239 points,
and 18 pieces of gold, after 1731 moves.
You were level 2 with a maximum of 20 hit points when you died.

